 Dungeon Crawl Stone Soup version 0.20-a0-1016-g241539b (webtiles) character file.

17 Fuzzwah the Chopper (level 2, -21/27 HPs)
             Began as a Minotaur Berserker on Apr 15, 2017.
             Was a Follower of Trog.
             Demolished by a cyan very ugly thing (25 damage)
             ... on level 1 of the Abyss.
             The game lasted 00:02:02 (265 turns).

Fuzzwah the Chopper (Minotaur Berserker)             Turns: 265, Time: 00:02:03

Health: -21/27     AC:  5    Str: 21    XL:     2   Next: 44%
Magic:  1/1        EV: 11    Int:  4    God:    Trog [*.....]
Gold:   37         SH:  0    Dex:  9    Spells: 1/1 levels left

rFire    . . .     SeeInvis .   d - +2 dagger (elec)
rCold    . . .     Gourm    .   (no shield)
rNeg     . . .     Faith    .   i - +0 ring mail
rPois    .         Spirit   .   (helmet restricted)
rElec    .         Reflect  .   (no cloak)
rCorr    .         Harm     .   (no gloves)
MR       .....                  (no boots)
Stlth    ..........             (no amulet)
Regen    0.1/turn               (no ring)
MPRegen  0.1/turn               (no ring)

@: no status effects
A: retaliatory headbutt, horns 2
a: Berserk, Burn Spellbooks, Renounce Religion


You were on level 1 of the Abyss.
You worshipped Trog.
Trog was aware of your devotion.
You were not hungry.

You visited 1 branch of the dungeon, and saw 1 of its levels.
You visited the Abyss 1 time.

You collected 37 gold pieces.

Inventory:

Hand Weapons
 a - a +0 hand axe
 d - a +2 dagger of electrocution (weapon)
   (You found it on level 1 of the Dungeon)
 f - a +2 dagger of distortion {!w}
   (You found it on level 1 of the Dungeon)
Armour
 b - a +0 animal skin
 i - a +0 ring mail (worn)
   (You found it on level 1 of the Dungeon)
Potions
 e - 2 potions of heal wounds {unknown}
 h - a potion of berserk rage {unknown}
Comestibles
 c - 2 bread rations {@e1}
 g - a meat ration {@e2}


   Skills:
 + Level 3.7 Fighting
 * Level 1.3 Short Blades
 * Level 3.9 Axes
 * Level 2.8 Armour
 + Level 2.2 Dodging


You had one spell level left.
You didn't know any spells.

Dungeon Overview and Level Annotations

Branches:
Dungeon (1/15)

Altars:


Innate Abilities, Weirdness & Mutations

You reflexively headbutt those who attack you in melee.
You have a pair of horns on your head.


Message History

The kobold closely misses you.
Found a stone staircase leading down.
You hit the kobold.
Space bends around the kobold.
You kill the kobold!
Trog accepts your kill.
You hit the dart slug.
The dart slug looks slightly unstable.
You headbutt the dart slug. You puncture the dart slug!
You kill the dart slug!
Trog accepts your kill.
You have reached level 2!
You regained 6 hp, and now have 23/27 hp.
MP restored: 1
g - a meat ration {@e2} A hobgoblin comes into view.
The hobgoblin shouts!
The hobgoblin moves out of view.
You regained 3 hp, and now have 26/27 hp.
You hit the hobgoblin.
Space bends around the hobgoblin.
The hobgoblin barely misses you.
You hit the hobgoblin.
The hobgoblin blinks!
No target in view!
The hobgoblin closely misses you.
You hit the hobgoblin.
You kill the hobgoblin!
Trog accepts your kill.
Your Short Blades skill increases to level 1!
No target in view!
You now have 16 gold pieces (gained 9).
A leopard gecko comes into view.
Health restored: 27 The leopard gecko hisses angrily.
The leopard gecko barely misses you.
You hit the leopard gecko but do no damage.
Space bends around the leopard gecko.
The leopard gecko bites you.
You take 2 damage, and have 25/27 hp.
You hit the leopard gecko.
You kill the leopard gecko!
Trog accepts your kill.
No target in view!
Found a stone staircase leading down.
A leopard gecko and a giant cockroach come into view.
The giant cockroach moves out of view.
A leopard gecko is nearby!
The leopard gecko hisses angrily.
The giant cockroach bites you but does no damage.
You barely miss the giant cockroach. You headbutt the giant cockroach.
You kill the giant cockroach!
Trog accepts your kill.
You hit the leopard gecko.
You kill the leopard gecko!
Trog accepts your kill.
No target in view!
No target in view!
c - 2 bread rations {@e1} (gained 1)
h - a cyan potion Health restored: 27 You see here a ring mail.
i - a ring mail Wear which item (? for menu, Esc to quit)
You start removing your armour.
You continue taking off your +0 animal skin. x4
You finish taking off your +0 animal skin.
You start putting on your armour.
You continue putting on your ring mail. x5
You finish putting on your +0 ring mail.
Wield which item (- for none, * to show all)? (? for menu, Esc to quit)
Really unwield
f - a +2 dagger of distortion {!w}?
You hear the crackle of electricity.
d - a +2 dagger of electrocution (weapon)
You are cast into the Abyss!
To return, you must find a gate leading back.
Killing monsters will force the Abyss to allow you passage.
This branch contains the abyssal rune of Zot.
There is an empty arch of ancient stone, spattered with blood here.
There is nothing on the other side of the stone arch.
There is nothing on the other side of the stone arch.
You now have 37 gold pieces (gained 21).
A cyan ugly thing comes into view.
A cyan very ugly thing comes into view.
A cyan very ugly thing comes into view.
The cyan very ugly thing gurgles horribly! x2
The cyan very ugly thing moves out of view.
The cyan very ugly thing basks in the mutagenic energy from its kin and changes!
A cyan very ugly thing comes into view.
The cyan very ugly thing gurgles horribly!
You hear a bark! x2
The cyan very ugly thing moves out of view.
The purple very ugly thing basks in the mutagenic energy from its kin and changes!
Found a gateway leading deeper into the Abyss.
You hit the cyan very ugly thing.
A hell hound comes into view.
You hit the cyan very ugly thing. You headbutt the cyan very ugly thing.
You hit the cyan very ugly thing but do no damage.
You headbutt the cyan very ugly thing, but do no damage.
The cyan very ugly thing engulfs you!!
Ouch! That really hurt!
* * * LOW HITPOINT WARNING * * *
The cyan very ugly thing shocks you!!
Ouch! That really hurt!
You die...

#.. ....#....#
###.##..#......#
#.....#........#
##.#...##...... ..#
.... ..#.###.. .
..### .#..## ....#
#.#.#..#.........
##.#..............
#.@.##........... .
#u..#..............
.u##.###.#.##..###..
.>h. #. #. .#### .
#.### #. # ##


You could see a cyan very ugly thing, a cyan ugly thing and a hell hound.

Vanquished Creatures
  A dart slug (D:1)
  2 leopard geckos (D:1)
  A giant cockroach (D:1)
  A goblin (D:1)
  3 hobgoblins (D:1)
  A bat (D:1)
  A frilled lizard (D:1)
  2 kobolds (D:1)
  A rat (D:1)
13 creatures vanquished.

Notes
Turn   | Place    | Note
-------+----------+-------------------------------------------
     0 | D:1      | Fuzzwah the Minotaur Berserker began the quest for the Orb.
     0 | D:1      | Reached XP level 1. HP: 19/19 MP: 0/0
     5 | D:1      | Noticed a dwarf
     8 | D:1      | Noticed a minotaur zombie
    10 | D:1      | Noticed a merfolk zombie
    12 | D:1      | Noticed a vine stalker
    14 | D:1      | Noticed an ogre
   121 | D:1      | Reached XP level 2. HP: 23/27 MP: 1/1
   159 | D:1      | Reached skill level 1 in Short Blades
   246 | D:1      | Cast into level 1 of the Abyss (a distortion unwield)
   257 | Abyss:1  | Noticed a cyan ugly thing
   258 | Abyss:1  | Noticed a cyan very ugly thing
   258 | Abyss:1  | Noticed a cyan very ugly thing
   262 | Abyss:1  | Noticed a cyan very ugly thing
   264 | Abyss:1  | Noticed a hell hound
   265 | Abyss:1  | HP: 4/27 [cyan very ugly thing (23)]
   265 | Abyss:1  | Demolished by a cyan very ugly thing

Vault maps used:
D:1:      shiori_arrival_whats_in_store_for_you, minmay_curled_crystal

Skill      XL: |  1  2 |
---------------+-------+-----
Short Blades   | 1 |  1.3
Fighting       | |  3.7
Axes           | |  3.9
Armour         | |  2.8
Dodging        | |  2.2

Action                   || total
-------------------------++-------
Melee: Dagger            ||    20
       Hand axe          ||     3
       Headbutt          ||     4
Armor: Animal skin       ||     5
Dodge: Dodged            ||    18

Vault maps used:
D:1:      shiori_arrival_whats_in_store_for_you, minmay_curled_crystal

Table legend:
 A = Turns spent in this place as a percentage of turns spent in the entire game.
 B = Non-inter-level travel turns spent in this place as a percentage of non-inter-level travel turns spent in the entire game.
 C = Inter-level travel turns spent in this place as a percentage of turns spent in this place.
 D = Turns resting spent in this place as a percentage of non-inter-level travel turns spent in this place.
 E = Turns spent auto-exploring this place as a percentage of non-inter-level travel turns spent in this place.
 F = Non-inter-level travel turns spent in this place divided by the number of levels of this place that you've seen.
                   A       B       C       D       E      F
               +-------+-------+-------+-------+-------+----------------------
         Total | 100.0 | 100.0 |   0.0 |   0.0 |  11.9 |  59.0
       Dungeon |  88.1 |  88.1 |   0.0 |   0.0 |  12.5 | 104.0
         Abyss |  11.9 |  11.9 |   0.0 |   0.0 |   7.1 |  14.0
               +-------+-------+-------+-------+-------+----------------------

Table legend:
 A = Kills in this place as a percentage of kills in entire the game.
 B = Kills by you in this place as a percentage of kills by you in the entire game.
 C = Kills by friends in this place as a percentage of kills by friends in the entire game.
 D = Other kills in this place as a percentage of other kills in the entire game.
 E = Experience gained in this place as a percentage of experience gained in the entire game.
 F = Experience gained in this place divided by the number of levels of this place that you have seen.
                   A       B       C       D       E      F
               +-------+-------+-------+-------+-------+----------------------
         Total | 100.0 | 100.0 |  -nan |  -nan | 100.0 |  12.5
       Dungeon | 100.0 | 100.0 |  -nan |  -nan | 100.0 |  25.0
               +-------+-------+-------+-------+-------+----------------------
